CALL
RANCHO CUCAMONGA QUAKES @ VISALIA OAKS
09/06/2003
 
TOP OF THE 1ST
Rancho Cucamonga Quakes batting - Pitching for Visalia Oaks : RHP Collin Balester
Pitching: RHP Collin Balester
Batting: RHB Adam Godwin 0-0: Called Strike
0-1: Ground out 6-3 (Groundball, 4M, EV 83.8 MPH)
Batting: RHB Scott Martin 0-0: Ball
1-0: Ball
2-0: Foul Ball, location: 5SF
2-1: Foul Ball, location: 23F
2-2: Foul Ball, location: 25F
2-2: Foul Ball, location: 25F
2-2: Foul Ball, location: 23F
2-2: Foul Ball, location: 3FF
2-2: Ball
3-2: Fly out, F8 (Flyball, 8RD, EV 87.5 MPH)
Batting: RHB Sean Rodriguez 0-0: Called Strike
0-1: SINGLE (Groundball, 4MD, EV 95.0 MPH)
Batting: LHB Baltazar Lopez 0-0: Called Strike
0-1: Foul Ball, location: 7LSF
0-2: SINGLE (Groundball, P, EV 88.1 MPH) (infield hit)
Sean Rodriguez to second
Batting: RHB Jeremy Smith 0-0: Ball
1-0: SINGLE (Line Drive, 7LS, EV 85.6 MPH)
Sean Rodriguez to third
Baltazar Lopez to second
Batting: RHB Franklyn Herrera 0-0: Ball
1-0: Ball
2-0: SINGLE (Line Drive, 8LS, EV 108.1 MPH)
Sean Rodriguez scores
Baltazar Lopez to third
Jeremy Smith to second
Batting: RHB Luis Castillo 0-0: Foul Ball, location: 9LMF
0-1: Ball
1-1: Ball
2-1: Foul Ball, location: 25F
2-2: Ball
3-2: Foul Ball, location: 2F
3-2: Foul Ball, location: 3SF
3-2: Ground out 5-3 (Groundball, 56, EV 108.1 MPH)
Top of the 1st over - 1 run, 4 hits, 0 errors, 3 left on base; Rancho Cucamonga 1 - Visalia 0
BOTTOM OF THE 1ST
Visalia Oaks batting - Pitching for Rancho Cucamonga Quakes : LHP Paul Mildren
Pitching: LHP Paul Mildren
Batting: RHB Miguel Richardson 0-0: Called Strike
0-1: Ball
1-1: Ball
2-1: Foul Ball, location: 2F
2-2: Fly out, F8 (Flyball, 78D, EV 76.3 MPH)
Batting: RHB Brock Peterson 0-0: Called Strike
0-1: Foul Ball, location: 2F
0-2: Foul Ball, location: 2F
0-2: Ball
1-2: Ball
2-2: Strikes out looking
Batting: LHB Brandon Gemoll 0-0: Swinging Strike
0-1: Foul Ball, location: 5FF
0-2: Ball
1-2: Ball
2-2: Foul Ball, location: 2F
2-2: Ground out 6-3 (Groundball, 6M, EV 106.3 MPH)
Bottom of the 1st over - 0 runs, 0 hits, 0 errors, 0 left on base; Rancho Cucamonga 1 - Visalia 0
TOP OF THE 2ND
Rancho Cucamonga Quakes batting - Pitching for Visalia Oaks : RHP Collin Balester
Batting: LHB Clete Thomas 0-0: Called Strike
0-1: SINGLE (Line Drive, 8RS, EV 111.3 MPH)
Batting: RHB Adam Leavitt 0-0: DOUBLE (Line Drive, 89XD, EV 100.0 MPH)
Clete Thomas to third
Batting: RHB Adam Godwin 0-0: Ball
1-0: Swinging Strike
1-1: Called Strike
1-2: Ball
Wild Pitch!
Clete Thomas scores
Adam Leavitt to third
2-2: Ball
3-2: SINGLE (Groundball, 4S, EV 71.9 MPH) (infield hit)
Adam Leavitt scores
Batting: RHB Scott Martin 0-0: Called Strike
0-1: Foul Ball, location: 2F
0-2: Ball
1-2: Foul Ball, location: 2F
1-2: Fly out, F6 (Popup, 6D, EV 56.3 MPH)
Batting: RHB Sean Rodriguez 0-0: Called Strike
0-1: Ball
1-1: Foul Ball, location: 2F
1-2: Ball
2-2: Hit by Pitch
Adam Godwin to second
Batting: LHB Baltazar Lopez 0-0: Called Strike
0-1: Foul Ball, location: 5F
0-2: Ball
1-2: Strikes out looking
Batting: RHB Jeremy Smith 0-0: Called Strike
0-1: Ball
1-1: Ball
2-1: Fielders Choice at 2nd, 6-4 (Groundball, 6, EV 100.6 MPH)
Top of the 2nd over - 2 runs, 3 hits, 0 errors, 2 left on base; Rancho Cucamonga 3 - Visalia 0
BOTTOM OF THE 2ND
Visalia Oaks batting - Pitching for Rancho Cucamonga Quakes : LHP Paul Mildren
Batting: RHB Chad Spann 0-0: Foul Ball, location: 2F
0-1: Ball
1-1: Ball
2-1: Ball
3-1: Ground out U3 (Groundball, 3L, EV 105.0 MPH)
Batting: RHB Forrest Lawson 0-0: Foul Ball, location: 23F
0-1: Ground out 4-3 (Groundball, 4, EV 94.4 MPH)
Batting: RHB Jim Unknown 0-0: Ball
1-0: Called Strike
1-1: Reached on error, E3 (Groundball, 34, EV 83.1 MPH)
Batting: RHB Jim Unknown 0-0: Fly out, F8 (Flyball, 8LD, EV 86.3 MPH)
Bottom of the 2nd over - 0 runs, 0 hits, 1 error, 1 left on base; Rancho Cucamonga 3 - Visalia 0
TOP OF THE 3RD
Rancho Cucamonga Quakes batting - Pitching for Visalia Oaks : RHP Collin Balester
Batting: RHB Franklyn Herrera 0-0: Foul Ball, location: 7LMF
0-1: Foul Ball, location: 2F
0-2: Ball
1-2: Ball
2-2: Strikes out swinging
Batting: RHB Luis Castillo 0-0: Foul Ball, location: 2RF
0-1: Ball
1-1: Ball
2-1: Called Strike
2-2: Strikes out swinging
Pitching: RHP Nate Fouts
Batting: LHB Clete Thomas 0-0: Ball
1-0: Foul Ball, location: 2F
1-1: Ball
2-1: Called Strike
2-2: Ball
3-2: Foul Ball, location: 23F
3-2: Fly out, F6 (Popup, 4MD, EV 57.5 MPH)
Top of the 3rd over - 0 runs, 0 hits, 0 errors, 0 left on base; Rancho Cucamonga 3 - Visalia 0
BOTTOM OF THE 3RD
Visalia Oaks batting - Pitching for Rancho Cucamonga Quakes : LHP Paul Mildren
Batting: RHB Jim Unknown 0-0: Ball
1-0: Foul Ball, location: 2F
1-1: Fly out, F9 (Flyball, 9D, EV 95.6 MPH)
Batting: SHB Jim Unknown 0-0: SINGLE (Line Drive, 8LS, EV 103.8 MPH)
Batting: RHB Miguel Richardson 0-0: Ball
1-0: Foul Ball, location: 5FF
1-1: Foul Ball, location: 2F
1-2: Strikes out swinging
Batting: RHB Brock Peterson 0-0: Fielders Choice at 2nd, 5-4 (Groundball, 5, EV 81.9 MPH)
Bottom of the 3rd over - 0 runs, 1 hit, 0 errors, 1 left on base; Rancho Cucamonga 3 - Visalia 0
TOP OF THE 4TH
Rancho Cucamonga Quakes batting - Pitching for Visalia Oaks : RHP Nate Fouts
Batting: RHB Adam Leavitt 0-0: Called Strike
0-1: Ball
1-1: Foul Ball, location: 2F
1-2: Ground out 4-3 (Groundball, 4, EV 85.0 MPH)
Batting: RHB Adam Godwin 0-0: Ball
1-0: Fly out, F3 (Popup, 3SF, EV 78.1 MPH)
Batting: RHB Scott Martin 0-0: Ground out 5-3 (Groundball, 56, EV 104.4 MPH)
Top of the 4th over - 0 runs, 0 hits, 0 errors, 0 left on base; Rancho Cucamonga 3 - Visalia 0
BOTTOM OF THE 4TH
Visalia Oaks batting - Pitching for Rancho Cucamonga Quakes : LHP Paul Mildren
Batting: LHB Brandon Gemoll 0-0: Ball
1-0: Foul Ball, location: 2F
1-1: Ground out U3 (Groundball, 34, EV 96.3 MPH)
Batting: RHB Chad Spann 0-0: Ball
1-0: Swinging Strike
1-1: Called Strike
1-2: Foul Ball, location: 2F
1-2: Strikes out swinging
Batting: RHB Forrest Lawson 0-0: Ball
1-0: Called Strike
1-1: Called Strike
1-2: Strikes out looking
Bottom of the 4th over - 0 runs, 0 hits, 0 errors, 0 left on base; Rancho Cucamonga 3 - Visalia 0
TOP OF THE 5TH
Rancho Cucamonga Quakes batting - Pitching for Visalia Oaks : RHP Nate Fouts
Batting: RHB Sean Rodriguez 0-0: Called Strike
0-1: Ball
1-1: Ball
2-1: Ball
3-1: Foul Ball, location: 9LSF
3-2: Fly out, F4 (Popup, 4M, EV 69.4 MPH)
Batting: LHB Baltazar Lopez 0-0: Ball
1-0: SINGLE (Groundball, 4D, EV 95.0 MPH)
Batting: RHB Jeremy Smith 0-0: Ball
1-0: Called Strike
1-1: Swinging Strike
1-2: SINGLE (Line Drive, 6MD, EV 103.8 MPH)
Baltazar Lopez to second
Pitching: RHP Clayton Hamilton
Batting: RHB Franklyn Herrera 0-0: Ball
1-0: Called Strike
1-1: Grounds into double play, 6-4-3 (Groundball, 6, EV 88.8 MPH)
Top of the 5th over - 0 runs, 2 hits, 0 errors, 1 left on base; Rancho Cucamonga 3 - Visalia 0
BOTTOM OF THE 5TH
Visalia Oaks batting - Pitching for Rancho Cucamonga Quakes : LHP Paul Mildren
Batting: RHB Jim Unknown 0-0: Fly out, F8 (Line Drive, 8RM, EV 90.6 MPH)
Batting: RHB Jim Unknown 0-0: Called Strike
0-1: Called Strike
0-2: Ground out 6-3 (Groundball, 56, EV 80.0 MPH)
Batting: RHB Jim Unknown 0-0: Called Strike
0-1: Ball
1-1: Called Strike
1-2: Foul Ball, location: 3FF
1-2: Ground out 4-3 (Groundball, 4, EV 81.9 MPH)
Bottom of the 5th over - 0 runs, 0 hits, 0 errors, 0 left on base; Rancho Cucamonga 3 - Visalia 0
TOP OF THE 6TH
Rancho Cucamonga Quakes batting - Pitching for Visalia Oaks : RHP Clayton Hamilton
Batting: RHB Luis Castillo 0-0: Ball
1-0: Fly out, F8 (Flyball, 8RXD, EV 93.1 MPH)
Batting: LHB Clete Thomas 0-0: Called Strike
0-1: Fly out, F9 (Flyball, 9, EV 96.3 MPH)
Batting: RHB Adam Leavitt 0-0: Called Strike
0-1: Foul Ball, location: 7LDF
0-2: Strikes out swinging
Top of the 6th over - 0 runs, 0 hits, 0 errors, 0 left on base; Rancho Cucamonga 3 - Visalia 0
BOTTOM OF THE 6TH
Visalia Oaks batting - Pitching for Rancho Cucamonga Quakes : LHP Paul Mildren
Batting: SHB Jim Unknown 0-0: Ground out U3 (Groundball, 34S, EV 84.4 MPH)
Batting: RHB Miguel Richardson 0-0: Fly out, F9 (Flyball, 89D, EV 108.8 MPH)
Batting: RHB Brock Peterson 0-0: Fly out, F7 (Line Drive, 7, EV 92.5 MPH)
Bottom of the 6th over - 0 runs, 0 hits, 0 errors, 0 left on base; Rancho Cucamonga 3 - Visalia 0
TOP OF THE 7TH
Rancho Cucamonga Quakes batting - Pitching for Visalia Oaks : RHP Clayton Hamilton
Batting: RHB Adam Godwin 0-0: Ball
1-0: Ball
2-0: Called Strike
2-1: Called Strike
2-2: SINGLE (Groundball, 34D, EV 94.4 MPH)
Batting: RHB Scott Martin 0-0: Ball
1-0: Foul Ball, location: 5DF
1-1: Fielders Choice at 2nd, 2-4 (Groundball, 15S, EV 73.1 MPH)
Batting: RHB Sean Rodriguez 0-0: Ball
1-0: DOUBLE (Flyball, 89D, EV 109.4 MPH)
Scott Martin to third
Batting: LHB Baltazar Lopez 0-0: Fielders Choice attempt at home, Runner SAFE. 4-2 (Groundball, 4, EV 109.4 MPH)
Sean Rodriguez to third
Batting: RHB Jeremy Smith 0-0: Swinging Strike
0-1: Ball
1-1: Grounds into double play, 6-4-3 (Groundball, 6, EV 85.0 MPH)
Top of the 7th over - 1 run, 2 hits, 0 errors, 1 left on base; Rancho Cucamonga 4 - Visalia 0
BOTTOM OF THE 7TH
Visalia Oaks batting - Pitching for Rancho Cucamonga Quakes : LHP Paul Mildren
Batting: LHB Brandon Gemoll 0-0: Ball
1-0: Ball
2-0: Ball
3-0: Base on Balls
Batting: RHB Chad Spann 0-0: Swinging Strike
0-1: Ball
1-1: Foul Ball, location: 5F
1-2: Strikes out swinging
Batting: RHB Forrest Lawson 0-0: Called Strike
0-1: Foul Ball, location: 9LMFF
0-2: Ball
1-2: SINGLE (Groundball, 56D, EV 107.5 MPH)
Brandon Gemoll to second
Batting: RHB Jim Unknown 0-0: SINGLE (Groundball, 6D, EV 104.4 MPH)
Brandon Gemoll to third
Forrest Lawson to second
Batting: RHB Jim Unknown 0-0: Called Strike
0-1: Ball
1-1: Ground out 6-3 (Groundball, 6MS, EV 75.6 MPH)
Brandon Gemoll scores
Forrest Lawson to third
Jim Unknown to second
Batting: RHB Jim Unknown 0-0: Foul Ball, location: 5FF
0-1: Swinging Strike
0-2: Strikes out looking
Bottom of the 7th over - 1 run, 2 hits, 0 errors, 2 left on base; Rancho Cucamonga 4 - Visalia 1
TOP OF THE 8TH
Rancho Cucamonga Quakes batting - Pitching for Visalia Oaks : RHP Clayton Hamilton
Batting: RHB Franklyn Herrera 0-0: Ball
1-0: Called Strike
1-1: Ball
2-1: Ball
3-1: Foul Ball, location: 2F
3-2: Foul Ball, location: 7LMF
3-2: SOLO HOME RUN (Flyball, 78XD, EV 100.0 MPH), Distance : 391 ft
Batting: RHB Luis Castillo 0-0: Ball
1-0: Ball
2-0: Ball
3-0: Foul Ball, location: 9LDF
3-1: Base on Balls
Batting: LHB Clete Thomas 0-0: Called Strike
0-1: DOUBLE (Flyball, 8LD, EV 98.8 MPH)
Luis Castillo to third
Batting: RHB Adam Leavitt 0-0: Called Strike
0-1: Swinging Strike
0-2: Ball
1-2: TRIPLE (Flyball, 8RXD, EV 107.5 MPH)
Luis Castillo scores
Clete Thomas scores
Pitching: RHP Tony Olvera
Batting: RHB Adam Godwin 0-0: Ball
1-0: Ball
2-0: Fly out, F4 (Popup, 34, EV 71.9 MPH)
Batting: RHB Scott Martin 0-0: Called Strike
0-1: Ball
1-1: Called Strike
1-2: Foul Ball, location: 3F
1-2: Strikes out looking
Batting: RHB Sean Rodriguez 0-0: Ball
1-0: Swinging Strike
1-1: Foul Ball, location: 9LMF
1-2: Ground out 5-3 (Groundball, 56S, EV 67.5 MPH)
Top of the 8th over - 3 runs, 3 hits, 0 errors, 1 left on base; Rancho Cucamonga 7 - Visalia 1
BOTTOM OF THE 8TH
Visalia Oaks batting - Pitching for Rancho Cucamonga Quakes : LHP Paul Mildren
Batting: SHB Jim Unknown 0-0: Ball
1-0: Foul Ball, location: 9LSF
1-1: Ball
2-1: Fly out, F8 (Flyball, 8RD, EV 106.9 MPH)
Batting: RHB Miguel Richardson 0-0: Ball
1-0: Fly out, F8 (Flyball, 8RS, EV 90.6 MPH)
Batting: RHB Brock Peterson 0-0: Called Strike
0-1: Fly out, F8 (Flyball, 8LM, EV 83.8 MPH)
Bottom of the 8th over - 0 runs, 0 hits, 0 errors, 0 left on base; Rancho Cucamonga 7 - Visalia 1
TOP OF THE 9TH
Rancho Cucamonga Quakes batting - Pitching for Visalia Oaks : RHP Tony Olvera
Batting: LHB Baltazar Lopez 0-0: Ball
1-0: Ball
2-0: Swinging Strike
2-1: Ball
3-1: Base on Balls
Batting: RHB Jeremy Smith 0-0: Foul Ball, location: 3FF
0-1: Ball
1-1: Ball
2-1: Ball
3-1: Foul Ball, location: 9LSF
3-2: DOUBLE (Line Drive, 78XD, EV 98.1 MPH)
Baltazar Lopez to third
Batting: RHB Franklyn Herrera 0-0: Called Strike
0-1: 3-RUN HOME RUN (Flyball, 78XD, EV 105.6 MPH), Distance : 398 ft
Pinch Hitting: SHB Manny DelRosario 0-0: Ball
1-0: Ball
2-0: Ball
3-0: Called Strike
3-1: Fly out, F4 (Popup, 34D, EV 63.1 MPH)
Batting: LHB Clete Thomas 0-0: Foul Ball, location: 7LSF
0-1: Swinging Strike
0-2: Foul Ball, location: 2F
0-2: Strikes out swinging
Batting: RHB Adam Leavitt 0-0: Foul Ball, location: 9LSFF
0-1: Ball
1-1: Ground out 5-3 (Groundball, 56S, EV 74.4 MPH)
Top of the 9th over - 3 runs, 2 hits, 0 errors, 0 left on base; Rancho Cucamonga 10 - Visalia 1
BOTTOM OF THE 9TH
Visalia Oaks batting - Pitching for Rancho Cucamonga Quakes : LHP Paul Mildren
Pitching: RHP Erik Drown
Now at 2B: Manny DelRosario
Now at 3B: Sean Rodriguez
Batting: LHB Brandon Gemoll 0-0: Ball
1-0: Ball
2-0: Foul Ball, location: 5F
2-1: SINGLE (Groundball, 4MD, EV 94.4 MPH)
Batting: RHB Chad Spann 0-0: Swinging Strike
0-1: Ball
1-1: Ball
2-1: Foul Ball, location: 2F
2-2: Ball
3-2: Base on Balls
Brandon Gemoll to second
Batting: RHB Forrest Lawson 0-0: Ball
1-0: Ball
2-0: Ball
3-0: Base on Balls
Brandon Gemoll to third
Chad Spann to second
Batting: RHB Jim Unknown 0-0: Ball
1-0: SINGLE (Line Drive, 89S, EV 106.3 MPH)
Brandon Gemoll scores
Chad Spann to third
Forrest Lawson to second
Batting: RHB Jim Unknown 0-0: Swinging Strike
0-1: Swinging Strike
0-2: Foul Ball, location: 23FF
0-2: Ball
1-2: Strikes out looking
Batting: RHB Jim Unknown 0-0: Ball
1-0: DOUBLE (Line Drive, 9LM, EV 111.3 MPH)
Chad Spann scores
Forrest Lawson scores
Jim Unknown to third
Pitching: LHP Joe Diefenderfer
Batting: SHB Jim Unknown 0-0: Ball
1-0: Ground out 6-3 (Groundball, 6, EV 107.5 MPH)
Jim Unknown scores
Jim Unknown to third
Batting: RHB Miguel Richardson 0-0: Called Strike
0-1: Foul Ball, location: 23F
0-2: Strikes out swinging
Bottom of the 9th over - 4 runs, 3 hits, 0 errors, 1 left on base; Rancho Cucamonga 10 - Visalia 5
Friday, September 27th , 2024 - OOTP Baseball 25.9 Build 91